 Dungeon Crawl Stone Soup version 0.22-a0-303-g4a852b3 (webtiles) character file.

132 FrankyJ the Sneak (level 5, -1/28 HPs)
             Began as a Kobold Conjurer on Mar 27, 2018.
             Was an Initiate of Vehumet.
             Slain by Natasha (7 damage)
             ... on level 2 of the Dungeon.
             The game lasted 00:13:26 (3373 turns).

FrankyJ the Sneak (Kobold Conjurer)                 Turns: 3373, Time: 00:13:27

Health: -1/28      AC:  1    Str:  7    XL:     5   Next: 38%
Magic:  6/8        EV: 15    Int: 16    God:    Vehumet [......]
Gold:   73         SH:  0    Dex: 11    Spells: 1/8 levels left

rFire    . . .     SeeInvis +   j - +3 short sword (vamp)
rCold    + . .     Gourm    .   (shield restricted)
rNeg     . . .     Faith    .   a - +1 robe
rPois    .         Spirit   .   g - -3 helmet "Pemuxtew" {+Blink MR++ Dex-4 SInv} (curse)
rElec    .         Reflect  .   (no cloak)
rCorr    .         Harm     .   (no gloves)
MR       ++...                  (no boots)
Stlth    +++.......             k - amulet of rage
HPRegen  0.09/turn              e - ring of protection from cold
MPRegen  0.11/turn              (no ring)

@: very slightly contaminated
A: small, carnivore
a: Renounce Religion, Evoke Blink, Evoke Berserk Rage


You were on level 2 of the Dungeon.
You worshipped Vehumet.
Vehumet was noncommittal.
You were completely stuffed.

You visited 1 branch of the dungeon, and saw 2 of its levels.

You collected 73 gold pieces.

Inventory:

Hand Weapons
 h - a +0 short sword
 i - a +5 club
 j - a +3 vampiric short sword (weapon)
Missiles
 f - 8 poisoned needles
Armour
 a - a +1 robe (worn)
 g - the cursed -3 helmet "Pemuxtew" (worn) {+Blink MR++ Dex-4 SInv}
   (You took it off Robin on level 2 of the Dungeon)

   It affects your dexterity (-4).
   It affects your resistance to hostile enchantments.
   It lets you see invisible.
   It lets you blink.
   It has a curse placed upon it.
Jewellery
 b - an uncursed amulet of magic regeneration
 e - a ring of protection from cold (left hand)
 k - an amulet of rage (around neck)
Scrolls
 l - a scroll of teleportation
 o - a scroll of remove curse
Potions
 d - a potion of curing
 n - a potion of brilliance {unknown}
 p - a potion of magic {unknown}
Comestibles
 c - 6 rations
 m - 5 chunks of flesh


   Skills:
 - Level 3.0 Dodging
 - Level 7.0 Stealth
 + Level 2.3 Spellcasting
 - Level 4.0 Conjurations


You had one spell level left.
You knew the following spells:

 Your Spells              Type           Power        Failure   Level  Hunger
a - Magic Dart            Conj           ##..         3%          1    #......
b - Searing Ray           Conj           ##....       6%          2    ###....
c - Fulminant Prism       Conj/Hex       #.........   65%         4    #####..


Dungeon Overview and Level Annotations

Branches:
Dungeon (2/15)

Altars:
Nemelex Xobeh
Vehumet

Annotations:
D:2 Natasha


Innate Abilities, Weirdness & Mutations

You are small and have problems with some larger weapons.
You are carnivorous and can eat meat at any time.


Message History

You miscast Searing Ray.
You are very lightly contaminated with residual magic.
Sparks fly from your hands! Natasha claws you. Natasha claws you!
Natasha claws you.
Natasha mumbles some strange words.
You completely miss Natasha.
Natasha is moderately wounded.
Natasha wildly gestures.
Natasha shimmers violently.
Natasha claws you!
* * * LOW HITPOINT WARNING * * *
The white imp gestures at you. The puff of frost misses you.
You puncture Natasha!
You feel better.
Natasha is severely wounded.
Natasha wildly gestures.
Natasha's front paws start to glow.
Natasha claws you!
You die...

####### ......#
#####.#####
############ ### #
#.....#
###h5........# #..
# #.###.####.#@#
#.# ##.# #
#.>...[......#
#.####..#
#####.###.##.....#
#.##..... ......#
#.###...##
#.##.####
#..######.# ##.##
###.##....(
..........# #.#
#.......#..
.#.###.#### #.#
#)#.###.#..
....##.# ##+#
#.#...#.#.#
.....#.# ##...##
#.###.#.#..


You could see Natasha and a white imp.

Vanquished Creatures
  Jessica (D:2)
  Robin (D:2)
  3 worms (D:2)
  2 dart slugs
  4 leopard geckos (D:1)
  5 giant cockroaches
  18 goblins
  8 hobgoblins
  5 jackals (D:2)
  6 kobolds
  3 quokkas (D:2)
  2 ball pythons (D:1)
  5 bats
  A frilled lizard (D:2)
  6 rats
70 creatures vanquished.

Notes
Turn   | Place    | Note
-------+----------+-------------------------------------------
     0 | D:1      | FrankyJ the Kobold Conjurer began the quest for the Orb.
     0 | D:1      | Reached XP level 1. HP: 10/10 MP: 3/3
   316 | D:1      | Reached skill level 3 in Stealth
   369 | D:1      | Reached XP level 2. HP: 9/15 MP: 0/5
   491 | D:1      | Learned a level 2 spell: Searing Ray
   703 | D:1      | Reached skill level 4 in Stealth
   731 | D:1      | Reached XP level 3. HP: 19/19 MP: 4/6
  1638 | D:2      | Noticed Jessica
  1657 | D:2      | Killed Jessica
  1657 | D:2      | Reached skill level 5 in Stealth
  1657 | D:2      | Reached XP level 4. HP: 16/24 MP: 0/7
  1861 | D:2      | Noticed Robin
  2230 | D:2      | Reached skill level 6 in Stealth
  2309 | D:2      | Killed Robin
  2313 | D:2      | HP: 1/24 [goblin[Robin] (1)]
  2314 | D:2      | Reached XP level 5. HP: 1/28 MP: 1/8
  2321 | D:2      | Got an ichor-stained helmet
  2579 | D:1      | Identified the cursed -3 helmet "Pemuxtew" {+Blink MR++ Dex-4 SInv} (You took it off Robin on level 2 of the Dungeon)
  2643 | D:2      | Found a radiant altar of Vehumet.
  2658 | D:2      | Became a worshipper of Vehumet
  2734 | D:2      | Learned a level 4 spell: Fulminant Prism
  2946 | D:2      | Found a sparkling altar of Nemelex Xobeh.
  3108 | D:2      | Reached skill level 7 in Stealth
  3361 | D:2      | Noticed Natasha
  3373 | D:2      | Slain by Natasha

Vault maps used:
D:1:      minmay_arrival_glassed_features
D:2:      vehumet_crystals, nemelex_xobeh_ov_fountains_minmay,
          minmay_tetromino_i4, uniq_natasha, uniq_jessica, uniq_robin

Skill      XL: |  1  2  3  4  5 |
---------------+----------------+-----
Stealth        | 3 4 5 6 7 |  7.0
Dodging        | 3 |  3.0
Spellcasting   | |  2.3
Conjurations   | |  4.0

Action                   |  1- 3 |  4- 6 || total
-------------------------+-------+-------++-------
Melee: Unarmed           |     6 |       ||     6
       Short sword       |    43 |    97 ||   140
 Cast: Magic Dart        |    16 |     2 ||    18
       Searing Ray       |     7 |    11 ||    18
  Use: Scroll            |     6 |     1 ||     7
       Potion            |       |     1 ||     1
 Stab: Sleeping          |     6 |     3 ||     9
  Eat: Chunk             |    13 |     9 ||    22
Armor: Robe              |     6 |    18 ||    24
Dodge: Dodged            |    41 |    82 ||   123

Table legend:
 A = Spawn XP
 B = Non-spawn XP
 C = Spawn XP percentage of total XP
 D = Spawn monster count
 E = Non-spawn monster count
 F = Spawn count percentage of total count
 G = Total turns spent on level
                    A         B        C        D         E        F      G
               +---------+---------+-------+---------+---------+-------+---------
         Total |       0 |     189 |   0.0 |       0 |      70 |   0.0 |  3373
               +---------+---------+-------+---------+---------+-------+---------
           D:1 |       0 |      42 |   0.0 |       0 |      21 |   0.0 |  1690
           D:2 |       0 |     147 |   0.0 |       0 |      49 |   0.0 |  1683
               +---------+---------+-------+---------+---------+-------+---------
